 Dungeon Crawl Stone Soup version 0.27-a0-1545-g3eddc1d3d3 (webtiles) character file.

Game seed: 12919456971906224024

404 HAL9000 the Sneak (level 6, -6/30 HPs)
             Began as a Vine Stalker Brigand on July 13, 2021.
             Engulfed by a steam dragon's steam (7 damage)
             ... on level 4 of the Dungeon.
             The game lasted 00:08:37 (3428 turns).

HAL9000 the Sneak (Vine Stalker Brigand)            Turns: 3428, Time: 00:08:37

Health: -6/30      AC:  8    Str: 21    XL:     6   Next: 86%
Magic:  0/7        EV: 15    Int: 14    God:
Gold:   148        SH:  0    Dex: 16    Spells: 5/5 levels left

rFire    . . .     SeeInvis .   a - +2 dagger
rCold    . . .     Faith    .   (no shield)
rNeg     . . .     Spirit   +   q - +2 robe {Archmagi}
rPois    .         Reflect  .   g - +0 helmet {Int+3}
rElec    .         Harm     .   c - +0 cloak
rCorr    .         Rampage  .   i - +1 pair of gloves
Will     .....     Archmagi +   (no boots)
Stlth    ++++......             (no amulet)
HPRegen  1.10/turn              x - +6 ring of strength
MPRegen  0.10/turn              e - +4 ring of evasion

@: no status effects
A: fangs 2, regeneration 1, magic shield, antimagic bite, no potion heal 2
a: no special abilities


You were on level 4 of the Dungeon.
You visited 1 branch of the dungeon, and saw 4 of its levels.
You also visited: Sewer.

You collected 148 gold pieces.

Inventory:

Hand Weapons
 a - a +2 dagger (weapon)
Missiles
 d - 29 poisoned darts (quivered)
Armour
 c - a +0 cloak (worn)
 g - a +0 helmet of intelligence (worn)
 i - a +1 pair of gloves (worn)
 q - a +2 robe of the Archmagi (worn)
Jewellery
 e - a +4 ring of evasion (right hand)
 l - a +6 ring of intelligence
 p - a ring of positive energy
 v - a ring of wizardry
 w - a ring of protection from cold
 x - a +6 ring of strength (left hand)
Scrolls
 b - a scroll of vulnerability {unknown}
 j - a scroll of blinking {unknown}
 k - a scroll of enchant weapon {unknown}
 m - 3 scrolls of teleportation
 n - 2 scrolls of identify {unknown}
 o - a scroll of enchant armour {unknown}
 u - a scroll of holy word {unknown}
Potions
 f - 2 potions of cancellation {unknown}
 h - 4 potions of might
 r - 4 potions of flight
 t - a potion of attraction {unknown}
 z - a potion of haste {unknown}
 A - a potion of brilliance {unknown}
Miscellaneous
 s - a box of beasts


   Skills:
 + Level 2.1 Fighting
 + Level 5.0 Short Blades
 - Level 1.7 Throwing
 - Level 0.7 Dodging
 - Level 7.3 Stealth


You had 5 spell levels left.
You didn't know any spells.
Your spell library was empty.

Dungeon Overview and Level Annotations

Branches:
Dungeon (4/15)              Sewer (visited)
 Temple: D:4-7

Altars:

Shops:
D:1 [


Innate Abilities, Weirdness & Mutations

You have extremely sharp teeth.
Your natural rate of healing is unusually fast.
When hurt, damage is shared between your health and your magic reserves.
Your bite disrupts and absorbs the magic of your enemies.
Potions cannot restore your health.


Message History

The steam dragon bites you.
* * * LOW HITPOINT WARNING * * *
The steam dragon misses you.
You closely miss the steam dragon.
The steam dragon is heavily wounded.
You are engulfed in a cloud of scalding steam.
The jackal skeleton is engulfed in a cloud of scalding steam.
The jackal skeleton is destroyed!
Unknown command.
Okay, then.
You hit the steam dragon.
The steam dragon is heavily wounded.
You are engulfed in a cloud of scalding steam.
The steam dragon closely misses you. x2
Unknown command.
You closely miss the steam dragon. You bite the steam dragon.
You drain its power.
You feel invigorated.
The steam dragon is severely wounded.
The steam dragon bites you.
* * * LOW HITPOINT WARNING * * *
The steam dragon barely misses you.
Unknown command.
You hit the steam dragon but do no damage.
The steam dragon is severely wounded.
The hobgoblin throws a javelin.
The javelin barely misses you. The steam dragon misses you.
The steam dragon barely misses you.
Unknown command.
You hit the steam dragon. Your bite misses the steam dragon.
The steam dragon is almost dead.
You barely miss the steam dragon. Your bite misses the steam dragon.
The steam dragon is almost dead.
The steam dragon breathes steam at you. The ball of steam hits you.
* * * LOW HITPOINT WARNING * * *
You hear a shout!
Unknown command.
You hit the steam dragon.
The steam dragon is almost dead.
You are engulfed in a cloud of scalding steam.
You die...

# .....##
....... .......
....... .......
#.#### .....).##
#.#.. .......D#
#.#.# #@# #.#.#
#§####...#
#§§.#....#
###.#.##.###
#........#####
##.##........###
##.#####.......#
#..# #...>....
#.## #........


You could see a steam dragon (catching breath).

Vanquished Creatures
  Edmund (D:3)
  A jelly (D:4)
  A merfolk siren (Sewer)
  A merfolk avatar (Sewer)
  4 adders (Sewer)
  A gnoll (D:1)
  7 river rats
  2 worms (D:2)
  2 dart slugs
  2 orcs
  8 ball pythons
  6 bats
  5 endoplasms
  2 giant cockroaches
  8 goblins
  5 hobgoblins
  7 jackals
  6 kobolds
  2 quokkas
  7 frilled lizards
  30 rats
108 creatures vanquished.

Vanquished Creatures (others)
  A jackal skeleton (D:4)
1 creature vanquished.

Grand Total: 109 creatures vanquished

Notes
Turn   | Place    | Note
-------+----------+-------------------------------------------
     0 | D:1      | HAL9000 the Vine Stalker Brigand began the quest for the
                  | Orb.
     0 | D:1      | Reached XP level 1. HP: 11/11 MP: 2/2
    53 | D:1      | Reached skill level 5 in Stealth
   376 | D:1      | Reached XP level 2. HP: 15/15 MP: 3/3
   555 | D:1      | Reached skill level 6 in Stealth
   640 | D:1      | Found Kuitodgh's Antique Armour Shoppe.
   651 | D:1      | Reached XP level 3. HP: 18/18 MP: 4/4
  1338 | D:2      | Gained mutation: Your natural rate of healing is unusually
                  | fast. [Vine Stalker growth]
  1338 | D:2      | Reached XP level 4. HP: 8/23 MP: 2/5
  1457 | D:2      | Reached skill level 7 in Stealth
  2064 | D:3      | Found a glowing drain.
  2082 | Sewer    | Entered a sewer
  2125 | Sewer    | Reached XP level 5. HP: 26/26 MP: 6/6
  2392 | Sewer    | Noticed a malarious merfolk avatar
  2567 | Sewer    | Reached XP level 6. HP: 30/30 MP: 5/7
  3142 | D:4      | Noticed Edmund
  3202 | D:3      | Killed Edmund
  3320 | D:4      | Reached skill level 5 in Short Blades
  3413 | D:4      | Noticed a steam dragon
  3427 | D:4      | HP: 1/30 [steam dragon/ball of steam (5)]
  3428 | D:4      | Engulfed by a steam dragon's steam

Illustrated notes

Levels and vault maps discovered:
D:1:      dpeg_arrival_line_fractal, layout_basic, serial_curves,
          eino_curves_03, eino_curves_04, serial_shops, shop,
          minmay_tromino_v4_b
D:2:      layout_rooms
D:3:      layout_loops_ring, lightli_sewer_entry_pipes
D:4:      minmay_thinvault, layout_rooms, uniq_edmund

Skill      XL: |  1  2  3  4  5  6 |
---------------+-------------------+-----
Stealth        | 5 6 7 |  7.3
Short Blades   | 2 4 5 |  5.0
Fighting       | 2 |  2.1
Throwing       | |  1.7
Dodging        | |  0.7

Action                   |  1- 3 |  4- 6 || total
-------------------------+-------+-------++-------
Melee: Dagger            |   100 |   189 ||   289
       Bite              |    20 |    34 ||    54
Throw: Dart              |    15 |    58 ||    73
  Use: Scroll            |       |     1 ||     1
 Stab: Sleeping          |     9 |    13 ||    22
Armor: Robe              |    48 |    56 ||   104
Dodge: Dodged            |    61 |   110 ||   171

Table legend: (Time is in decaauts)
 A = Elapsed time spent in this place.
 B = Non-inter-level travel time spent in this place.
 C = Inter-level travel time spent in this place.
 D = Time resting spent in this place.
 E = Time spent auto-exploring this place.
 F = Levels seen in this place.
 G = Mean time per level.
                   A        B        C        D        E       F      G
               +--------+--------+--------+--------+--------+-----+--------+
         Total |   3477 |   3390 |     87 |    381 |   2004 |   5 |  695.4 |
       Dungeon |   2867 |   2780 |     87 |    281 |   1858 |   4 |  716.8 |
         Sewer |    610 |    610 |      0 |    100 |    146 |   1 |  610.0 |
               +--------+--------+--------+--------+--------+-----+--------+

Top non-repeatable levels by time:
     D:1: 1116 daAuts
     D:3: 900 daAuts
     D:2: 681 daAuts
   Sewer: 610 daAuts
     D:4: 168 daAuts
